 Dungeon Crawl Stone Soup version 0.18.1-50-g88ac8fd (webtiles) character file.

334 Nordron the Skirmisher (level 6, 0/50 HPs)
             Began as a Formicid Fighter on Sept 28, 2016.
             Slain by Sabitsuki's ghost (8 damage)
             ... on level 4 of the Dungeon.
             The game lasted 00:10:39 (2996 turns).

Nordron the Skirmisher (Formicid Fighter)           Turns: 2996, Time: 00:10:39

Health: 0/50       AC:  7    Str: 21    XL:     6   Next: 83%
Magic:  9/9        EV:  4    Int:  7    God:
Gold:   115        SH: 10    Dex: 12    Spells: 0 memorised, 9 levels left

rFire  . . .     SeeInvis +     a - +0 flail
rCold  + . .     Gourm    .     b - +0 scale mail
rNeg   . . .     Faith    .     c - +0 shield
rPois  .         Spirit   .     (helmet unavailable)
rElec  .         Dismiss  .     (no cloak)
rCorr  .         Reflect  .     (no gloves)
SustAt .         Harm     .     (no boots)
MR     .....                    (no amulet)
Stlth  ..........               (no ring)
                                g - ring of protection from cold

@: not resistant to hostile enchantments, extremely unstealthy
A: permanent stasis, dig shafts and tunnels, four strong arms, antennae 3
a: Dig, Shaft Self


You were on level 4 of the Dungeon.
You were not hungry.

You visited 1 branch of the dungeon, and saw 4 of its levels.

You collected 115 gold pieces.

Inventory:

Hand Weapons
 a - a +0 flail (weapon)
Armour
 b - a +0 scale mail (worn)
 c - a +0 shield (worn)
Jewellery
 g - a ring of protection from cold (left hand)
Scrolls
 d - a scroll of random uselessness {unknown}
 e - 5 scrolls of identify {unknown}
 l - 2 scrolls of noise {unknown}
 m - a scroll of fear {unknown}
 o - 2 scrolls of remove curse {unknown}
 p - 2 scrolls of teleportation {unknown}
 r - 3 scrolls of recharging {unknown}
Potions
 h - a potion of haste {unknown}
 i - a potion of brilliance {unknown}
 j - a potion of cure mutation {unknown}
 k - a potion of ambrosia {unknown}
 n - 3 potions of lignification {unknown}
 q - a potion of heal wounds {unknown}
 u - a potion of degeneration {unknown}
Comestibles
 f - 2 bread rations
 t - a slice of pizza
 v - a meat ration


   Skills:
 * Level 4.9 Fighting
 + Level 2.9 Maces & Flails
 + Level 4.1 Armour
 + Level 1.9 Dodging
 + Level 4.6 Shields
 + Level 2.4 Spellcasting


You had 9 spell levels left.
You didn't know any spells.

Dungeon Overview and Level Annotations

Branches:
Dungeon (4/15)
 Temple: D:4-7

Altars:
Dithmenos
Fedhas

Annotations:
D:4 Sabitsuki's ghost, amateur MiBe


Innate Abilities, Weirdness & Mutations

You are under a permanent stasis effect.
You can dig through walls and to a lower floor.
Your four strong arms can wield two-handed weapons with a shield.
You have a pair of large antennae on your head (SInv).


Message History

You are too injured to fight recklessly!
You are too injured to fight recklessly!
You hit Sabitsuki's ghost but do no damage.
Sabitsuki's ghost is heavily damaged.
You block Sabitsuki's ghost's attack. Sabitsuki's ghost barely misses you.
You closely miss Sabitsuki's ghost.
Sabitsuki's ghost is heavily damaged.
You block Sabitsuki's ghost's attack.
You closely miss Sabitsuki's ghost.
Sabitsuki's ghost is heavily damaged.
Sabitsuki's ghost hits you.
* * * LOW HITPOINT WARNING * * *
You closely miss Sabitsuki's ghost.
Sabitsuki's ghost is heavily damaged.
Sabitsuki's ghost hits you.
* * * LOW HITPOINT WARNING * * *
You block Sabitsuki's ghost's attack.
There is a stone staircase leading down here.
Sabitsuki's ghost hits you!
You die...

#..#....#
#..#.##.#########
#..#.##.........#
...#.##########.#
#.##.# #.## #.##.#
#.<## #.##.# ##.#.##
#.##.#########.###.##
##......@W..##.## ##.#
###
#.....#####.###.###.##
#...##.##### #.#
##.#.## ....#......#
#.# ##.##
#.........#####.# #.#
#..#..........†.# #.#
#.###.########### #.#
#..W........# #.#
_...h(.########.# #.#


You could see Sabitsuki's ghost.

Vanquished Creatures
  The ghost of smzp the Poker, an amateur MfGl of Okawaru (D:3)
  Natasha (D:4)
  A worker ant (D:2)
  6 adders
  3 gnolls (D:3)
  An ooze (D:2)
  A dart slug (D:1)
  3 giant geckos
  An orc (D:3)
  2 ball pythons
  A giant cockroach (D:1)
  11 goblins
  8 hobgoblins
  6 jackals
  7 bats
  4 giant newts
  4 kobolds
  6 rats
67 creatures vanquished.

Notes
Turn   | Place    | Note
--------------------------------------------------------------
     0 | D:1      | Nordron the Formicid Fighter began the quest for the Orb.
     0 | D:1      | Reached XP level 1. HP: 18/18 MP: 1/1
   214 | D:1      | Reached XP level 2. HP: 23/24 MP: 2/2
   478 | D:1      | Reached XP level 3. HP: 29/29 MP: 4/4
   505 | D:1      | Reached skill level 1 in Spellcasting
   597 | D:1      | Reached skill level 1 in Dodging
  1059 | D:2      | Found a shadowy altar of Dithmenos.
  1109 | D:2      | Reached XP level 4. HP: 26/37 MP: 5/5
  1630 | D:3      | Reached XP level 5. HP: 42/42 MP: 7/7
  2621 | D:3      | Noticed smzp's ghost (amateur MfGl)
  2631 | D:3      | Killed smzp's ghost
  2631 | D:3      | Reached XP level 6. HP: 22/50 MP: 9/9
  2939 | D:4      | Found a blossoming altar of Fedhas.
  2939 | D:4      | Noticed Natasha
  2940 | D:4      | Noticed Sabitsuki's ghost (amateur MiBe)
  2959 | D:4      | Killed Natasha
  2996 | D:4      | Slain by Sabitsuki's ghost

Skill      XL: |  1  2  3  4  5 |
---------------+----------------+-----
Spellcasting   | 1 2 |  2.4
Dodging        | 1 |  1.9
Shields        | 4 |  4.6
Fighting       | 4 |  4.9
Armour         | 4 |  4.1
Maces & Flails | |  2.9

Action                   |  1- 3 |  4- 6 || total
-------------------------+-------+-------++-------
Melee: Flail             |   142 |   171 ||   313
  Use: Potion            |       |     1 ||     1
  Eat: Chunk             |     1 |     6 ||     7
Armor: Scale mail        |    42 |    56 ||    98
Dodge: Dodged            |    52 |    58 ||   110
Block: Shield            |    73 |   109 ||   182
